 Dungeon Crawl Stone Soup version 0.32-a0-571-gec57dfcd37 (webtiles) character file.

Game seed: 18189229444517303151

35 runemasterragnar the Shooter (level 3, -3/27 HPs)
             Began as a Coglin Hexslinger on Mar 1, 2024.
             Slain by a vampire (5 damage)
             ... on level 6 of the Dungeon.
             The game lasted 00:02:27 (1194 turns).

runemasterragnar the Shooter (Coglin Hexslinger)    Turns: 1194, Time: 00:02:28

Health: -3/27      AC:  2    Str:  8    XL:     3   Next: 35%
Magic:  4/4        EV: 12    Int: 12    God:
Gold:   54         SH:  0    Dex: 18    Spells: 4/4 levels left

rFire   . . .        a - +1 sling {Li}
rCold   . . .        d - -2 sling {Qing}
rNeg    . . .        c - +0 robe
rPois   .            (no helmet)
rElec   .            (no cloak)
rCorr   .            (no gloves)
SInv    .            (no boots)
Will    .....        (amulet unavailable)
Stlth   ++           (ring unavailable)
HPRegen 0.24/turn    (ring unavailable)
MPRegen 0.09/turn    (no gizmo)

%: no passive effects
@: no status effects
A: off-hand wielding, slow wielding, warmup strikes, no jewellery
a: Invent Gizmo


You were on level 6 of the Dungeon.
You visited 1 branch of the dungeon, and saw 5 of its levels.

You collected 74 gold pieces.
You spent 20 gold pieces at shops.

Inventory:

Hand Weapons
 a - a +1 sling (weapon) {Li}
 d - a -2 sling (offhand) {Qing}
Armour
 c - a +0 robe (worn)
Scrolls
 f - a scroll of enchant weapon
 g - a scroll of teleportation
 i - 2 scrolls of identify
 k - a scroll of immolation {unknown}


   Skills:
 + Level 1.9 Fighting
 * Level 2.9 Ranged Weapons
 - Level 1.7 Dodging
 - Level 1.0 Spellcasting
 - Level 2.6 Hexes
 - Level 0.8 Fire Magic


You had 4 spell levels left.
You didn't know any spells.
Your spell library contained the following spells:

 Spells                   Type           Power      Damage    Failure   Level
 Jinxbite                 Hex            14%        N/A       16%         2
 Sigil of Binding         Hex            7%         N/A       30%         3
 Inner Flame              Hex/Fire       4%         N/A       41%         3
 Cause Fear               Hex            3%         N/A       69%         4
 Dimensional Bullseye     Hex/Tloc       1%         N/A       86%         4


Dungeon Overview and Level Annotations

Branches:
Dungeon (7/15)
 Temple: D:4-7

Altars:
Hepliaklqana

Shops:
D:1 [?(?(


Innate Abilities, Weirdness & Mutations

You can wield a second weapon in your off-hand.
It takes a long time for you to wield or remove held weapons.
Your first few attacks do less damage.
You cannot equip rings or amulets.


Message History

Okay, then.
You climb upwards.
You hear the hiss of flowing sand.
There is an entrance to an ossuary on this level.
Hurry and find it before the portal is buried!
There is a stone staircase leading down here.
You open the door.
Found a cyan potion.
Found 4 gold pieces.
There is an open door here.
The shadow imp laughs crazily.
The sky beast flickers out of sight!
Deactivating autopickup; reactivate with Ctrl-A.
You see here a cyan potion.
The vampire gestures wildly while chanting.
The vampire flickers and vanishes!
Reactivating autopickup.
A sky beast appears from thin air!
The sky beast flickers out of sight!
Deactivating autopickup; reactivate with Ctrl-A.
You are confused.
You feel less confused. Something hits you! Something bites you.
Something draws strength from your injuries!
The shadow imp gestures at you.
You barely resist. Something hits you! Something bites you.
* * * LOW HITPOINT WARNING * * *
Something draws strength from your injuries!
The shadow imp attacks as it pursues you!
The shadow imp misses you.
Reactivating autopickup.
A sky beast appears from thin air!
Found 19 gold pieces and a manual of Earth Magic.
Something completely misses you. Something bites you.
* * * LOW HITPOINT WARNING * * *
Something draws strength from your injuries!
Deactivating autopickup; reactivate with Ctrl-A.
You hear the slow hiss of a very distant avalanche of sand.
Something hits you.
You die...

.....#
#..###.###..#..#
.....##..#.#
#.#.#.#..#
........# :#
#[###...#
#####..#
#.#.#.#....# #..
#.###..#.## ##.
...#...#5# ..
##$###....#Y#
.........#..#
###@#..## #...##
#####


There were no monsters in sight!

Vanquished Creatures
  A dart slug (D:2)
  5 ball pythons
  3 endoplasms
  2 giant cockroaches (D:1)
  3 goblins
  A hobgoblin (D:1)
  4 jackals (D:2)
  2 quokkas
  2 bats (D:2)
  3 frilled lizards
  3 kobolds
  2 rats (D:2)
31 creatures vanquished.

Notes
Turn   | Place    | Note
-------+----------+-------------------------------------------
     0 | D:1      | runemasterragnar the Coglin Hexslinger began the quest for
                  | the Orb.
     0 | D:1      | Reached XP level 1. HP: 15/15 MP: 2/2
     6 | D:1      | Found Xuont's Weapon Emporium.
   202 | D:1      | Reached XP level 2. HP: 21/21 MP: 3/3
   205 | D:1      | Found Husk's Antique Weapon Shoppe.
   451 | D:1      | Found Piwytoi's Magic Scroll Boutique.
   471 | D:1      | Found Ynyasub's Antique Armour Shop.
   531 | D:1      | Found Ideypest's Magic Scroll Emporium.
   653 | D:1      | Bought a scroll of identify for 20 gold pieces
   700 | D:2      | Reached XP level 3. HP: 27/27 MP: 4/4
   787 | D:2      | Found a hazy altar of Hepliaklqana.
  1093 | D:3      | You fall into a shaft and drop 3 floors!
  1097 | D:6      | Noticed a sky beast
  1100 | D:6      | Noticed a vampire
  1105 | D:6      | Noticed a water moccasin
  1108 | D:6      | Noticed a scorpion
  1156 | D:7      | Noticed a steam dragon
  1192 | D:6      | HP: 1/27 [something (5)]
  1194 | D:6      | Slain by a vampire

Illustrated notes

Levels and vault maps discovered:
D:1:      dpeg_arrival_rooms_with_view, layout_rooms, serial_shops,
          nicolae_shop_crystal, nicolae_shop_rolling_square, shop,
          nicolae_shop_tiny_real_fake_doors, shop,
          chequers_serial_rivers_small_a
D:2:      layout_rooms, basic_altar
D:3:      layout_loops_ring, tgw_fedhas, grunt_gozag_statues
D:6:      layout_basic, tso_oasis_becter,
          chequers_temple_overflow_statue_of_worship,
          nicolae_ossuary_entry_false_entrances, minmay_manual_mail,
          uniq_sigmund, uniq_prince_ribbit1
D:7:      layout_cave_pods, grunt_temple_overflow_order_and_chaos_1,
          minmay_temple_entry_slanted, serial_shops, shop, uniq_menkaure,
          uniq_duvessa

Skill      XL: |  1 |
---------------+----+-----
Ranged Weapons | 2 |  2.9
Fighting       | |  1.9
Dodging        | |  1.7
Spellcasting   | |  1.0
Hexes          | |  2.6
Fire Magic     | |  0.8

Action                     || total
---------------------------++-------
   Fire: Sling             ||   110
    Use: Scroll            ||     6
         Potion            ||     1
 Armour: Robe              ||    29
  Dodge: Dodged            ||    12

Table legend: (Time is in decaauts)
 A = Elapsed time spent in this place.
 B = Non-inter-level travel time spent in this place.
 C = Inter-level travel time spent in this place.
 D = Time resting spent in this place.
 E = Time spent auto-exploring this place.
 F = Levels seen in this place.
 G = Mean time per level.
                   A        B        C        D        E       F      G
               +--------+--------+--------+--------+--------+-----+--------+
         Total |   1211 |   1152 |     59 |    135 |    775 |   5 |  242.2 |
       Dungeon |   1211 |   1152 |     59 |    135 |    775 |   5 |  242.2 |
               +--------+--------+--------+--------+--------+-----+--------+

Top non-repeatable levels by time:
     D:1: 682 daAuts
     D:2: 364 daAuts
     D:6: 98 daAuts
     D:3: 63 daAuts
     D:7: 2 daAuts
